 Dungeon Crawl Stone Soup version 0.31-a0-640-g39d97e502b (webtiles) character file.

Game seed: 17222546618345288080

84 qw the Shooter (level 4, -4/28 HPs)
             Began as a Gargoyle Hunter on Aug 27, 2023.
             Slain by a gnoll
             ... wielding a +1 antimagic halberd
              (12 damage)
             ... on level 3 of the Dungeon.
             The game lasted 00:00:45 (1780 turns).

qw the Shooter (Gargoyle Hunter)                    Turns: 1780, Time: 00:00:46

Health: -4/28      AC:  8    Str: 15    XL:     4   Next: 45%
Magic:  1/4        EV: 16    Int:  9    God:
Gold:   105        SH:  0    Dex: 21    Spells: 3/3 levels left

rFire   . . .        Y - +0 shortbow
rCold   . . .        (shield currently unavailable)
rNeg    + . .        a - +0 ring mail
rPois   inf          (no helmet)
rElec   +            (no cloak)
rCorr   .            (no gloves)
SInv    .            (no boots)
Will    .....        (no amulet)
Stlth   +            d - +6 ring of dexterity
HPRegen 0.24/turn    k - +5 ring of evasion
MPRegen 0.09/turn

%: no passive effects
@: no status effects
A: sickness immunity, AC +3, negative energy resistance 1, electricity
resistance, torment resistance 1, petrification resistance
a: no special abilities


You were on level 3 of the Dungeon.
You visited 1 branch of the dungeon, and saw 3 of its levels.

You collected 105 gold pieces.


Innate Abilities, Weirdness & Mutations

You are immune to sickness and miasma.
Your stone body is resilient. (AC +3)
You are immune to poison.
You resist negative energy. (rN+)
You are resistant to electric shocks. (rElec)
You are resistant to unholy torment.
You are immune to petrification.


   Skills:
 - Level 3.0 Fighting
 + Level 5.2 Ranged Weapons
 - Level 1.1 Armour
 - Level 1.5 Dodging
 - Level 1.1 Stealth


You had 3 spell levels left.
You didn't know any spells.
Your spell library was empty.

Inventory:

Hand Weapons
 Y - a +0 shortbow (weapon)
Armour
 a - a +0 ring mail (worn)
Jewellery
 d - a +6 ring of dexterity (left hand)
 f - a ring of fire
 k - a +5 ring of evasion (right hand)
Scrolls
 c - a scroll of identify

Dungeon Overview and Level Annotations

Branches:
Dungeon (3/15)

Altars:


Message History

A gnoll comes into view. It is wielding a +0 halberd.
You shoot an arrow. The arrow hits the gnoll!
The gnoll shouts!
The gnoll is severely wounded.
You hear a shout!
A gnoll comes into view. It is wielding a +0 club.
A gnoll comes into view. It is wielding a +1 antimagic halberd.
You shoot an arrow. The gnoll shouts!
The arrow hits the gnoll.
You kill the gnoll!
You shoot an arrow.
The arrow hits the gnoll but does no damage.
A gnoll comes into view. It is wielding a +0 halberd.
You shoot an arrow. The gnoll shouts!
The arrow hits the gnoll.
The gnoll is moderately wounded.
You shoot an arrow. The arrow hits the gnoll.
The gnoll is heavily wounded.
You shoot an arrow. The arrow barely misses the gnoll.
The gnoll hits you from afar with a +1 antimagic halberd.
You feel your power leaking away.
You shoot an arrow.
The arrow hits the gnoll but does no damage.
The gnoll is heavily wounded.
The gnoll barely misses you. The gnoll closely misses you.
You shoot an arrow.
The arrow hits the gnoll but does no damage.
The gnoll is heavily wounded.
The gnoll closely misses you.
The gnoll hits you from afar with a +1 antimagic halberd.
You feel your power leaking away.
The gnoll hits you from afar with a +0 halberd!
The gnoll completely misses you. The gnoll hits you with a +0 club.
You shoot an arrow. The arrow hits the gnoll.
The gnoll is severely wounded.
The gnoll hits you with a +0 club. The gnoll barely misses you.
The gnoll hits you from afar with a +1 antimagic halberd!
You die...

# .# ###. # #..
.# #######.###.#
.......<....#
..%....?...###..
........@.......
........g..#.###
......gg...# #
...(.......#
#..........#
#..........#
..).......#
..........#


You could see 3 gnolls.

Vanquished Creatures
  A gnoll (D:3)
  3 adders (D:2)
  A worm (D:2)
  A dart slug (D:2)
  4 ball pythons
  3 bats
  2 endoplasms
  A giant cockroach (D:1)
  4 goblins
  3 hobgoblins
  8 kobolds
  2 quokkas
  3 frilled lizards
  5 rats
41 creatures vanquished.

Notes
Turn   | Place    | Note
-------+----------+-------------------------------------------
     0 | D:1      | qw the Gargoyle Hunter began the quest for the Orb.
     0 | D:1      | Reached XP level 1. HP: 12/12 MP: 1/1
     0 | D:1      | 0 ||| qw: Version: 0.3-a-74-g0d5e918
     0 | D:1      | 0 ||| qw: Game counter: 79
     0 | D:1      | 0 ||| qw: Melee chars always use a shield: true
     0 | D:1      | 0 ||| qw: God list: Okawaru
     0 | D:1      | 0 ||| qw: Allow faded altars: false
     0 | D:1      | 0 ||| qw: Do Orc after clearing Dungeon:15 true
     0 | D:1      | 0 ||| qw: Do second Lair branch before Depths: true
     0 | D:1      | 0 ||| qw: Lair rune preference: random
     0 | D:1      | 0 ||| qw: Goals: Normal
     0 | D:1      | 0 ||| PLANNING D:1-11
   133 | D:1      | Reached XP level 2. HP: 17/17 MP: 2/2
   312 | D:1      | Found a faded altar of an unknown god.
   644 | D:1      | 644 ||| UPGRADING to +6 ring of dexterity.
   655 | D:1      | 655 ||| READING scroll labelled USMAQ QYNAMIAF.
   666 | D:1      | 666 ||| READING scroll labelled CYUVECORON.
   677 | D:1      | 677 ||| DRINKING 2 fizzy amethyst potions.
   688 | D:1      | 688 ||| DROPPING scroll of butterflies.
   699 | D:1      | 699 ||| DROPPING potion of brilliance.
  1124 | D:1      | 1124 ||| UPGRADING to +0 ring mail.
  1134 | D:1      | 1134 ||| DROPPING +0 leather armour.
  1181 | D:2      | Reached XP level 3. HP: 21/21 MP: 3/3
  1212 | D:2      | Reached skill level 1 in Armour
  1258 | D:2      | Reached skill level 5 in Ranged Weapons
  1366 | D:2      | Reached XP level 4. HP: 27/27 MP: 4/4
  1393 | D:2      | Reached skill level 3 in Fighting
  1714 | D:2      | 1714 ||| UPGRADING to +5 ring of evasion.
  1715 | D:2      | 1715 ||| READING scroll labelled YGGATSAIHU.
  1716 | D:2      | 1716 ||| READING scroll labelled SESHAW QACU.
  1719 | D:2      | 1719 ||| READING scroll labelled CADGHA IXAKUSM.
  1736 | D:2      | 1736 ||| READING scroll labelled ZIBINODENAB.
  1737 | D:2      | 1737 ||| READING 3 scrolls of identify.
  1737 | D:2      | 1737 ||| IDENTIFYING fizzy dark potion
  1738 | D:2      | 1738 ||| READING 2 scrolls of identify.
  1738 | D:2      | 1738 ||| IDENTIFYING bubbling puce potion
  1739 | D:2      | 1739 ||| DROPPING potion of invisibility.
  1740 | D:2      | 1740 ||| DROPPING potion of lignification.
  1780 | D:3      | Slain by a gnoll

Levels and vault maps discovered:
D:1:      co_arrival_square_in_a_square_in_a_square, layout_loops_corners,
          dreamdust_ecumenical_altar_statues, serial_forest,
          infiniplex_forest_lined_3, infiniplex_forest_lined_1,
          infiniplex_forest_clump_double, infiniplex_forest_straight_2,
          infiniplex_forest_clump_medium, infiniplex_forest_lined_2,
          infiniplex_forest_end_3, infiniplex_forest_clump_cross,
          infiniplex_forest_corner_1
D:2:      layout_loops_ring
D:3:      layout_basic, vehumet_statue, uniq_terence, uniq_ijyb,
          uniq_crazy_yiuf_cottage

Skill      XL: |  1  2  3  4 |
---------------+-------------+-----
Armour         | 1 |  1.1
Ranged Weapons | 5 |  5.2
Fighting       | 3 |  3.0
Dodging        | |  1.5
Stealth        | |  1.1

Action                     |  1- 3 |  4- 6 || total
---------------------------+-------+-------++-------
   Fire: Shortbow          |    94 |    20 ||   114
    Use: Scroll            |     2 |     6 ||     8
         Potion            |     1 |       ||     1
 Armour: Leather armour    |     8 |       ||     8
         Ring mail         |     2 |       ||     2
  Dodge: Dodged            |    14 |     5 ||    19

Table legend:
 A = Non-vault XP
 B = Vault XP
 C = Vault XP percentage of total XP
 D = Non-vault monster count
 E = Vault monster count
 F = Vault count percentage of total count
                 A         B        C        D         E       F
            +---------+---------+-------+---------+---------+-------
      Total |     120 |       0 |   0.0 |      41 |       0 |   0.0
            +---------+---------+-------+---------+---------+-------
        D:1 |      33 |       0 |   0.0 |      19 |       0 |   0.0
        D:2 |      72 |       0 |   0.0 |      20 |       0 |   0.0
        D:3 |      15 |       0 |   0.0 |       2 |       0 |   0.0
            +---------+---------+-------+---------+---------+-------
